 Dungeon Crawl Stone Soup version 0.30.0-20-g3615ddf2f0 (webtiles) character file.

Game seed: 17847418179340622285

85 qw the Chopper (level 4, -5/28 HPs)
             Began as a Gargoyle Fighter on May 28, 2023.
             Killed from afar by Natasha (8 damage)
             ... with a magic dart
             ... on level 2 of the Dungeon.
             The game lasted 00:00:34 (1363 turns).

qw the Chopper (Gargoyle Fighter)                   Turns: 1363, Time: 00:00:34

Health: -5/28      AC: 10    Str: 22    XL:     4   Next: 48%
Magic:  4/4        EV:  6    Int:  8    God:
Gold:   64         SH:  4    Dex:  9    Spells: 3/3 levels left

rFire   . . .        Y - +1 war axe
rCold   . . .        c - +0 buckler
rNeg    + . .        b - +0 scale mail
rPois   inf          (no helmet)
rElec   +            (no cloak)
rCorr   .            (no gloves)
SInv    .            (no boots)
Will    .....        (no amulet) Stlth
                     (no ring)
HPRegen 0.24/turn    (no ring)
MPRegen 0.09/turn

%: no passive effects
@: grasped by roots, constricted
A: sickness immunity, AC +3, negative energy resistance 1, electricity
resistance, torment resistance 1, petrification resistance
a: no special abilities


You were on level 2 of the Dungeon.
You visited 1 branch of the dungeon, and saw 2 of its levels.

You collected 64 gold pieces.


Innate Abilities, Weirdness & Mutations

You are immune to sickness and miasma.
Your stone body is resilient. (AC +3)
You are immune to poison.
You resist negative energy. (rN+)
You are resistant to electric shocks. (rElec)
You are resistant to unholy torment.
You are immune to petrification.


   Skills:
 - Level 3.2 Fighting
 + Level 4.1 Axes
 - Level 3.2 Armour
 - Level 3.2 Shields


You had 3 spell levels left.
You didn't know any spells.
Your spell library was empty.

Inventory:

Hand Weapons
 g - a +0 mace
 Y - a +1 war axe (weapon)
Missiles
 f - 2 boomerangs (quivered)
Armour
 b - a +0 scale mail (worn)
 c - a +0 buckler (worn)
 i - a +0 helmet
Scrolls
 a - 4 scrolls of enchant armour
 e - 2 scrolls of identify
 j - 2 scrolls of vulnerability {unknown}
 l - a scroll of teleportation {unknown}
Potions
 d - 2 potions of might
 h - 3 potions of curing
 k - a potion of degeneration {unknown}

Dungeon Overview and Level Annotations

Branches:
Dungeon (2/15)

Altars:

Shops:
D:1 !

Annotations:
D:2 Natasha


Message History

The cerulean imp hits you but does no damage. x2
Natasha stares at you and mumbles some strange words.
The magic dart hits you but does no damage.
You barely miss Natasha.
Natasha is lightly wounded.
You hit the cerulean imp but do no damage.
The cerulean imp completely misses you. You block Natasha's attack.
You closely miss Natasha.
Natasha is lightly wounded.
You hit the cerulean imp. Natasha claws you but does no damage.
The cerulean imp hits you but does no damage.
You slash the cerulean imp!
You kill the cerulean imp!
The cerulean imp disappears in a puff of smoke!
You closely miss Natasha. Natasha casts a spell at you.
The magic dart hits you. You block Natasha's attack.
You barely miss Natasha. Natasha casts a spell at you.
You resist with some effort.
You slash Natasha!
Natasha is severely wounded.
Natasha claws you but does no damage.
You hit Natasha.
Natasha is severely wounded.
Natasha claws you.
Natasha zaps a wand.
The roots erupt in riotous growth!
The grasping roots grab you!
Natasha is unaffected.
The grasping roots constrict you.
You completely miss Natasha.
Natasha is severely wounded.
Natasha claws you but does no damage. The grasping roots constrict you.
You hit Natasha.
Natasha is almost dead.
Natasha howls an incantation.
You feel troubled. Natasha claws you but does no damage.
The grasping roots constrict you. Natasha casts a spell at you.
The magic dart hits you!
You die...

######
###############.....
###.............'.....
#.....###########.....
#.....# #..... #.....#
#..... #.....# ######
#....@# ....#...h.#
##### #####.....#
#####...# .'.....+
........' ###.....#
#####...# #.....#
#...# #...... ###...#
'....... +.....#
###.###


You could see Natasha.

Vanquished Creatures
  Jessica (D:2)
  Terence (D:2)
  5 ball pythons (D:1)
  4 endoplasms
  A goblin (D:1)
  3 hobgoblins
  8 jackals (D:1)
  4 kobolds (D:1)
  A quokka (D:1)
  4 bats (D:1)
  3 rats (D:1)
35 creatures vanquished.

Notes
Turn   | Place    | Note
-------+----------+-------------------------------------------
     0 | D:1      | qw the Gargoyle Fighter began the quest for the Orb.
     0 | D:1      | Reached XP level 1. HP: 14/14 MP: 1/1
     0 | D:1      | 0 ||| qw: Version: 0.2-a-100-g7972860
     0 | D:1      | 0 ||| qw: Game counter: 248
     0 | D:1      | 0 ||| qw: Always use a shield: true
     0 | D:1      | 0 ||| qw: God list: Okawaru
     0 | D:1      | 0 ||| qw: Allow faded altars: false
     0 | D:1      | 0 ||| qw: Do Orc after D:15 true
     0 | D:1      | 0 ||| qw: Do second Lair branch before Depths: true
     0 | D:1      | 0 ||| qw: Lair rune preference: random
     0 | D:1      | 0 ||| qw: Plans: Normal, Zot:1-4, Slime:5, God:TSO, Crypt,
                  | Tomb, Pan, Hells, Abyss, Win
     0 | D:1      | 0 ||| PLANNING D:1-11
   168 | D:1      | Reached skill level 2 in Axes
   211 | D:1      | 211 ||| Stepping ~*~*~tactically~*~*~ (stealth).
   221 | D:1      | 221 ||| Stepping ~*~*~tactically~*~*~ (stealth).
   234 | D:1      | Reached XP level 2. HP: 19/19 MP: 2/2
   393 | D:1      | 393 ||| Stepping ~*~*~tactically~*~*~ (hiding).
   519 | D:1      | 519 ||| Stepping ~*~*~tactically~*~*~ (stealth).
   520 | D:1      | 520 ||| Stepping ~*~*~tactically~*~*~ (stealth).
   561 | D:1      | Found a faded altar of an unknown god.
   594 | D:1      | Reached skill level 3 in Axes
   696 | D:1      | Found Ynirphul's Distillery.
   705 | D:1      | 705 ||| SHOPLISTING potion of heal wounds (70 gold, have
                  | 24).
   705 | D:1      | 705 ||| SHOPLISTING potion of lignification (42 gold, have
                  | 24).
   736 | D:1      | Reached XP level 3. HP: 21/23 MP: 3/3
  1075 | D:1      | 1075 ||| READING 5 scrolls labelled DUUXALLACIO.
  1076 | D:1      | 1076 ||| READING scroll labelled ZEQOUL VEUHAKK.
  1077 | D:1      | 1077 ||| READING scroll labelled ZUBUELOCUM.
  1078 | D:1      | 1078 ||| READING scroll labelled LEETUI ZONE.
  1079 | D:1      | 1079 ||| DRINKING 4 metallic green potions.
  1167 | D:2      | Noticed Jessica
  1175 | D:2      | Killed Jessica
  1176 | D:2      | Reached XP level 4. HP: 18/28 MP: 4/4
  1280 | D:2      | Noticed Terence
  1289 | D:2      | Killed Terence
  1290 | D:2      | Reached skill level 4 in Axes
  1345 | D:2      | Noticed Natasha
  1361 | D:2      | HP: 7/28 [constriction (3)]
  1363 | D:2      | HP: 3/28 [constriction (4)]
  1363 | D:2      | Killed from afar by Natasha

Levels and vault maps discovered:
D:1:      dpeg_arrival_tiny_f, layout_loops_corners,
          dreamdust_ecumenical_altar_angels_and_demons, serial_shops,
          nicolae_shop_industrial_runoff, minmay_misc_feat_square,
          minmay_misc_feat_alley, minmay_distorted
D:2:      minmay_roachtagon, layout_basic, minmay_stone_trees_small,
          uniq_natasha, uniq_jessica, uniq_terence

Skill      XL: |  1  2  3  4 |
---------------+-------------+-----
Axes           | 2 3 4 |  4.1
Fighting       | |  3.2
Armour         | |  3.2
Shields        | |  3.2

Action                     |  1- 3 |  4- 6 || total
---------------------------+-------+-------++-------
  Melee: War axe           |    79 |    26 ||   105
  Throw: Boomerang         |    24 |     3 ||    27
    Use: Scroll            |     4 |       ||     4
         Potion            |     1 |       ||     1
 Armour: Scale mail        |    45 |    19 ||    64
  Dodge: Dodged            |    47 |    11 ||    58
  Block: Buckler           |    20 |     8 ||    28

Table legend:
 A = Non-vault XP
 B = Vault XP
 C = Vault XP percentage of total XP
 D = Non-vault monster count
 E = Vault monster count
 F = Vault count percentage of total count
                 A         B        C        D         E       F
            +---------+---------+-------+---------+---------+-------
      Total |      50 |      72 |  59.0 |      31 |       4 |  11.4
            +---------+---------+-------+---------+---------+-------
        D:1 |      44 |       3 |   6.4 |      28 |       2 |   6.7
        D:2 |       6 |      69 |  92.0 |       3 |       2 |  40.0
            +---------+---------+-------+---------+---------+-------
